 Dungeon Crawl Stone Soup version 0.30-a0-924-g0ad0bf95bc (webtiles) character file.

Game seed: 1494949829217370155

384 funkygono the Chopper (level 6, -3/53 HPs)
             Began as a Minotaur Fighter on Mar 22, 2023.
             Slain by an ogre
             ... wielding a +0 giant club
              (30 damage)
             ... on level 3 of the Dungeon.
             The game lasted 00:04:51 (3202 turns).

funkygono the Chopper (Minotaur Fighter)            Turns: 3202, Time: 00:04:52

Health: -3/53      AC:  9    Str: 22    XL:     6   Next: 47%
Magic:  5/5        EV:  8    Int:  5    God:
Gold:   143        SH:  4    Dex: 10    Spells: 5/5 levels left

rFire   . . .      SeeInvis +    a - +0 war axe
rCold   . . .      Faith    .    c - +0 buckler
rNeg    . . .      Spirit   .    o - +0 chain mail
rPois   .          Reflect  .    (helmet restricted)
rElec   .          Rampage  .    (no cloak)
rCorr   +                        (no gloves)
Will    .....                    (no boots) Stlth
                                 (no amulet)
HPRegen 0.28/turn                f - ring of resist corrosion
MPRegen 0.09/turn                b - ring of see invisible

@: no status effects
A: horns 2, retaliatory headbutt
a: no special abilities


You were on level 3 of the Dungeon.
You visited 1 branch of the dungeon, and saw 3 of its levels.
You also visited: Sewer.

You collected 143 gold pieces.

Inventory:

Hand Weapons
 a - a +0 war axe (weapon)
Missiles
 q - 14 poisoned darts (quivered)
Armour
 c - a +0 buckler (worn)
 o - a +0 chain mail (worn)
Jewellery
 b - a ring of see invisible (right hand)
 f - a ring of resist corrosion (left hand)
Scrolls
 e - 2 scrolls of immolation {unknown}
 g - 3 scrolls of identify {unknown}
 i - a scroll of enchant armour {unknown}
 j - a scroll of teleportation {unknown}
 k - a scroll of amnesia {unknown}
 l - a scroll of blinking {unknown}
 n - a scroll of fog {unknown}
 p - a scroll of enchant weapon {unknown}
 s - a scroll of vulnerability {unknown}
Potions
 d - a potion of might
 h - 5 potions of heal wounds {unknown}
 m - a potion of mutation {unknown}
 r - 2 potions of invisibility {unknown}


   Skills:
 + Level 4.4 Fighting
 + Level 5.4 Axes
 + Level 5.2 Armour
 + Level 2.4 Dodging
 + Level 4.8 Shields


You had 5 spell levels left.
You didn't know any spells.
Your spell library contained the following spells:

 Spells                   Type           Power      Damage    Failure   Level
 Apportation              Tloc           0%         N/A       99%         1
 Necrotise                Necr           0%         1d4       99%         1
 Summon Small Mammal      Summ           0%         N/A       99%         1


Dungeon Overview and Level Annotations

Branches:
Dungeon (3/15)              Sewer (visited)

Altars:


Innate Abilities, Weirdness & Mutations

You have a pair of horns on your head.
You reflexively headbutt those who attack you in melee.


Message History

The dart slug bites you but does no damage.
You hit the dart slug.
The dart slug is heavily wounded.
The dart slug closely misses you. You furiously retaliate!
You headbutt the dart slug.
You kill the dart slug!
A kobold and a goblin come into view.
Found a stone staircase leading down.
The kobold shouts!
The goblin shouts!
There are monsters nearby!
The kobold hits you but does no damage. You block the goblin's attack.
The kobold hits you but does no damage. The goblin hits you with a +0 dagger.
You closely miss the kobold. Your headbutt misses the kobold.
You hit the goblin. The kobold hits you but does no damage.
The goblin barely misses you. You furiously retaliate!
You headbutt the goblin!
You kill the goblin!
You slash the kobold!
You kill the kobold!
You see here a +0 short sword.
You now have 143 gold pieces (gained 16).
There is a stone staircase leading down here.
Things that are here:
a +0 dagger; a goblin corpse You open the door.
There is an open door here.
As you open the door, it creaks loudly! As you open the door, it creaks loudly!
You hear a shout!
There is an open door here.
An ogre comes into view. It is wielding a +0 giant club.
You block the ogre's attack.
You barely miss the ogre. You hit the ogre but do no damage.
You headbutt the ogre!
The ogre is heavily wounded.
The ogre hits you with a +0 giant club!!
A sleepcap comes into view.
You hit the ogre.
The ogre is severely wounded.
The ogre hits you with a +0 giant club!!
Ouch! That really hurt!
You die...

..##### #..#+## ###
###..#.. #.'##'##+ #
#####.#.....#
########.....#.....#
.##......##.####'##+#
....######....#..##.#
##.#####............#
#.......######.@.###
####..### ###O......
##.## ....... #..#
....... #.## .......
##.# ....$.. ##..#
....... ##...#
f#..... .....#


You could see an ogre and a sleepcap.

Vanquished Creatures
  A kobold brigand (Sewer)
  Terence (D:3)
  9 adders
  9 river rats
  4 worms
  3 dart slugs
  7 orcs
  13 ball pythons
  4 endoplasms
  A giant cockroach (D:1)
  2 hobgoblins
  5 quokkas
  8 bats
  4 frilled lizards
  6 goblins
  21 kobolds
  28 rats
126 creatures vanquished.

Vanquished Creatures (others)
  12 plants (D:2)
12 creatures vanquished.

Grand Total: 138 creatures vanquished

Notes
Turn   | Place    | Note
-------+----------+-------------------------------------------
     0 | D:1      | funkygono the Minotaur Fighter began the quest for the Orb.
     0 | D:1      | Reached XP level 1. HP: 19/19 MP: 0/0
   278 | D:1      | Reached XP level 2. HP: 27/27 MP: 1/1
  1033 | D:2      | Reached XP level 3. HP: 33/33 MP: 2/2
  1295 | D:2      | Reached skill level 1 in Dodging
  1386 | D:2      | Reached XP level 4. HP: 40/40 MP: 3/3
  1503 | D:2      | Found a faded altar of an unknown god.
  2077 | D:3      | Noticed Terence
  2085 | D:3      | Killed Terence
  2394 | D:3      | Reached XP level 5. HP: 46/46 MP: 4/4
  2437 | D:3      | Found a glowing drain.
  2444 | Sewer    | Entered a sewer
  2573 | Sewer    | Reached skill level 5 in Armour
  2573 | Sewer    | Reached XP level 6. HP: 42/53 MP: 5/5
  2711 | Sewer    | Reached skill level 5 in Axes
  3202 | D:3      | Slain by an ogre

Illustrated notes

Levels and vault maps discovered:
D:1:      dpeg_arrival_another_circle, layout_basic
D:2:      layout_loops_cross, shapermc_ecumenical_altar_hornbeckon,
          serial_bayou, serial_bayou_ford_a, serial_bayou_lagoon_a,
          serial_bayou_crossing, serial_bayou_shore_a
D:3:      layout_rooms, mainiacjoe_overflow_24_doors, lightli_sewer_entry_pipes,
          minmay_randomly_rotated_circles, uniq_terence

Skill      XL: |  1  2  3  4  5  6 |
---------------+-------------------+-----
Fighting       | 4 |  4.4
Armour         | 4 5 |  5.2
Shields        | 4 |  4.8
Axes           | 3 4 5 |  5.4
Dodging        | 1 2 |  2.4

Action                     |  1- 3 |  4- 6 || total
---------------------------+-------+-------++-------
  Melee: War axe           |    91 |   175 ||   266
         Headbutt          |    13 |    15 ||    28
 Armour: Scale mail        |    47 |    12 ||    59
         Chain mail        |       |    93 ||    93
  Dodge: Dodged            |    48 |    59 ||   107
  Block: Buckler           |    19 |    51 ||    70

Table legend: (Time is in decaauts)
 A = Elapsed time spent in this place.
 B = Non-inter-level travel time spent in this place.
 C = Inter-level travel time spent in this place.
 D = Time resting spent in this place.
 E = Time spent auto-exploring this place.
 F = Levels seen in this place.
 G = Mean time per level.
                   A        B        C        D        E       F      G
               +--------+--------+--------+--------+--------+-----+--------+
         Total |   3389 |   3236 |    153 |    127 |   2198 |   4 |  847.2 |
       Dungeon |   2775 |   2622 |    153 |    127 |   1784 |   3 |  925.0 |
         Sewer |    614 |    614 |      0 |      0 |    413 |   1 |  614.0 |
               +--------+--------+--------+--------+--------+-----+--------+

Top non-repeatable levels by time:
     D:2: 1222 daAuts
     D:1: 898 daAuts
     D:3: 654 daAuts
   Sewer: 614 daAuts
